[ AOE2 MATCH · #495978462 ]
UnrankedKoreans vs Armenians
Player's team · WIN
Rival team · LOSS
[ REPLAY ANALYSIS · EXTRACTED FROM THE RECORDED GAME ]
Feudal
8:50
Castle
—
Imperial
—
| APM avg | 60.6 |
| APM peak | 82 |
| eAPM avg | 30.4 |
| Villagers / military | 57 / 31 |
Focus
⚔️ 36.7% · 🌾 63.3%
Archer ×30 · Spearman ×1
Feudal
8:39
Castle
—
Imperial
—
| APM avg | 57.3 |
| APM peak | 90 |
| eAPM avg | 23.0 |
| Villagers / military | 32 / 25 |
Focus
⚔️ 35.5% · 🌾 64.5%
Militia ×17 · Skirmisher ×8
Match map
Initial resources + every placement click. Lines = walls · curves = elevation contours. ◆ gold · ⬟ stone · ● berries · ✦ relic · ◌ wall gap
Your base· Open — unwalled flank
0o___o0's base· Open — unwalled flank
Smoothed initial terrain · ◌ = detected wall gap · hover for details
Inputs per minute
— HR FabiaN - - 0o___o0
Build order — HR FabiaN
147 actions detected in the replay
| 0:00 | Queue | Villager (Male) |
| 0:01 | Queue | Villager (Male) |
| 0:02 | Build | House |
| 0:02 | Build | House |
| 0:08 | Queue | Villager (Male) |
| 0:08 | Queue | Villager (Male) |
| 0:08 | Queue | Villager (Male) |
| 1:23 | Queue | Villager (Male) |
| 1:23 | Queue | Villager (Male) |
| 2:02 | Queue | Villager (Male) |
| 2:17 | Queue | Villager (Male) |
| 2:17 | Queue | Villager (Male) |
| 2:23 | Build | Mill |
| 2:48 | Queue | Villager (Male) |
| 2:48 | Queue | Villager (Male) |
| 3:17 | Queue | Villager (Male) |
| 3:18 | Queue | Villager (Male) |
| 3:26 | Build | House |
| 3:35 | Queue | Villager (Male) |
| 3:35 | Queue | Villager (Male) |
| 3:35 | Queue | Villager (Male) |
| 3:48 | Queue | Villager (Male) |
| 4:37 | Queue | Villager (Male) |
| 4:37 | Queue | Villager (Male) |
| 5:03 | Build | Lumber Camp |
| 5:18 | Queue | Villager (Male) |
| 5:20 | Queue | Villager (Male) |
| 5:20 | Queue | Villager (Male) |
| 5:21 | Queue | Villager (Male) |
| 5:36 | Research | Loom |
| 5:36 | Research | Loom |
| 6:40 | Research | Feudal Age |
| 6:40 | Research | Feudal Age |
| 6:49 | Build | Palisade Wall |
| 6:51 | Build | Palisade Wall |
| 6:52 | Build | Palisade Wall |
| 6:55 | Build | Palisade Wall |
| 6:56 | Build | Palisade Wall |
| 6:57 | Build | Palisade Wall |
| 7:39 | Build | Palisade Wall |
| 7:46 | Build | Mining Camp |
| 8:06 | Build | House |
| 8:30 | Build | Barracks |
| 8:35 | Queue | Villager (Male) |
| 8:40 | Build | Palisade Wall |
| 8:41 | Build | Palisade Wall |
| 8:50 | Build | Palisade Wall |
| 8:50 | Age | Feudal Age |
| 8:52 | Queue | Villager (Male) |
| 9:32 | Build | Archery Range |
| 9:33 | Queue | Villager (Male) |
| 9:50 | Queue | Villager (Male) |
| 9:51 | Queue | Spearman |
| 10:06 | Queue | Villager (Male) |
| 10:14 | Queue | Archer |
| 10:15 | Queue | Archer |
| 10:15 | Queue | Archer |
| 10:22 | Build | House |
| 10:26 | Queue | Archer |
| 10:36 | Build | Farm |
| 10:41 | Queue | Villager (Male) |
| 10:41 | Queue | Villager (Male) |
| 10:41 | Queue | Villager (Male) |
| 10:41 | Queue | Villager (Male) |
| 10:42 | Queue | Villager (Male) |
| 10:53 | Build | Farm |
| 11:24 | Queue | Archer |
| 11:47 | Build | Palisade Wall |
| 12:00 | Queue | Archer |
| 12:18 | Build | Farm |
| 12:19 | Queue | Villager (Male) |
| 12:22 | Build | Blacksmith |
| 12:26 | Queue | Villager (Male) |
| 12:33 | Queue | Archer |
| 12:41 | Queue | Archer |
| 12:41 | Queue | Archer |
| 12:48 | Queue | Villager (Male) |
| 12:51 | Build | Palisade Wall |
| 13:01 | Research | Fletching |
| 13:01 | Research | Fletching |
| 13:01 | Research | Fletching |
| 13:13 | Build | House |
| 13:15 | Build | Palisade Wall |
| 13:18 | Build | Palisade Wall |
| 13:21 | Queue | Archer |
| 13:24 | Build | House |
| 13:25 | Queue | Archer |
| 13:33 | Queue | Villager (Male) |
| 13:42 | Build | Palisade Wall |
| 13:47 | Build | Palisade Gate |
| 13:50 | Queue | Villager (Male) |
| 13:50 | Queue | Villager (Male) |
| 13:59 | Queue | Archer |
| 14:19 | Queue | Villager (Male) |
| 14:28 | Queue | Archer |
| 14:56 | Queue | Villager (Male) |
| 15:11 | Queue | Archer |
| 15:21 | Queue | Villager (Male) |
| 15:44 | Queue | Archer |
| 15:48 | Queue | Villager (Male) |
| 15:57 | Build | Farm |
| 15:57 | Build | Farm |
| 16:06 | Queue | Archer |
| 16:29 | Queue | Archer |
| 16:41 | Queue | Villager (Male) |
| 16:43 | Build | Farm |
| 16:51 | Queue | Archer |
| 16:53 | Queue | Villager (Male) |
| 17:08 | Queue | Villager (Male) |
| 17:10 | Queue | Villager (Male) |
| 17:15 | Queue | Archer |
| 17:37 | Queue | Villager (Male) |
| 17:40 | Queue | Archer |
| 17:51 | Build | Palisade Wall |
| 17:52 | Build | Palisade Wall |
| 17:54 | Build | Palisade Wall |
| 17:56 | Queue | Archer |
| 18:03 | Build | Lumber Camp |
| 18:18 | Queue | Archer |
| 18:22 | Queue | Archer |
| 18:28 | Build | Watch Tower |
| 18:29 | Queue | Archer |
| 18:39 | Queue | Villager (Male) |
| 18:49 | Build | Palisade Wall |
| 18:54 | Research | Town Watch |
| 18:55 | Build | House |
| 19:00 | Build | House |
| 19:03 | Queue | Villager (Male) |
| 19:10 | Build | Palisade Wall |
| 19:11 | Build | Palisade Wall |
| 19:15 | Queue | Archer |
| 19:32 | Queue | Archer |
| 19:44 | Queue | Archer |
| 19:49 | Queue | Villager (Male) |
| 20:06 | Queue | Villager (Male) |
| 20:32 | Queue | Villager (Male) |
| 20:34 | Queue | Archer |
| 20:38 | Build | Palisade Wall |
| 20:46 | Build | House |
| 20:49 | Build | Palisade Wall |
| 20:51 | Queue | Villager (Male) |
| 20:53 | Build | Palisade Wall |
| 20:59 | Queue | Villager (Male) |
| 21:01 | Queue | Archer |
| 21:07 | Queue | Archer |
| 21:08 | Queue | Villager (Male) |
| 21:11 | Build | Lumber Camp |
Build order — 0o___o0
90 actions detected in the replay
| 0:00 | Queue | Villager (Male) ×4 |
| 0:02 | Build | House |
| 0:02 | Build | House |
| 1:37 | Queue | Villager (Male) |
| 1:44 | Build | Mule Cart |
| 2:01 | Queue | Villager (Male) |
| 2:28 | Queue | Villager (Male) |
| 2:43 | Queue | Villager (Male) |
| 3:11 | Queue | Villager (Male) |
| 3:21 | Build | House |
| 3:38 | Queue | Villager (Male) |
| 3:38 | Queue | Villager (Male) |
| 4:16 | Queue | Villager (Male) |
| 4:22 | Queue | Villager (Male) |
| 4:40 | Queue | Villager (Male) |
| 4:57 | Build | Barracks |
| 5:37 | Build | House |
| 5:51 | Queue | Villager (Male) |
| 6:29 | Research | Feudal Age |
| 6:29 | Research | Feudal Age |
| 6:43 | Queue | Militia |
| 6:58 | Build | Mule Cart |
| 7:08 | Queue | Militia |
| 7:23 | Queue | Militia |
| 7:43 | Queue | Militia |
| 8:02 | Queue | Militia |
| 8:29 | Build | Mill |
| 8:39 | Age | Feudal Age |
| 8:47 | Research | Man-at-Arms (upgrade) |
| 8:47 | Research | Man-at-Arms (upgrade) |
| 8:48 | Queue | Villager (Male) |
| 8:56 | Build | House |
| 9:28 | Queue | Villager (Male) |
| 9:59 | Research | Long Swordsman (upgrade) |
| 10:12 | Queue | Villager (Male) |
| 10:17 | Build | House |
| 10:35 | Research | Arson |
| 10:35 | Research | Arson |
| 10:48 | Queue | Villager (Male) |
| 10:50 | Build | Farm |
| 10:51 | Build | Farm |
| 10:59 | Queue | Militia |
| 12:21 | Queue | Militia |
| 12:22 | Queue | Villager (Male) |
| 12:26 | Build | House |
| 12:29 | Queue | Villager (Male) |
| 12:33 | Build | Mule Cart |
| 12:58 | Queue | Villager (Male) |
| 13:00 | Queue | Militia |
| 13:17 | Queue | Villager (Male) |
| 13:18 | Queue | Militia |
| 14:13 | Queue | Villager (Male) |
| 14:18 | Queue | Villager (Male) |
| 14:20 | Queue | Militia |
| 14:41 | Queue | Militia |
| 14:44 | Build | Farm |
| 14:45 | Build | Farm |
| 14:45 | Build | Farm |
| 14:45 | Build | Farm |
| 14:45 | Build | Farm |
| 14:45 | Build | Farm |
| 14:54 | Build | Archery Range |
| 15:23 | Research | Loom |
| 15:24 | Research | Loom |
| 15:25 | Queue | Skirmisher |
| 15:25 | Queue | Skirmisher |
| 15:46 | Build | Farm |
| 15:50 | Queue | Villager (Male) |
| 15:51 | Queue | Skirmisher |
| 16:30 | Queue | Militia |
| 16:30 | Queue | Villager (Male) |
| 16:31 | Queue | Skirmisher |
| 17:33 | Queue | Villager (Male) |
| 17:43 | Queue | Skirmisher |
| 17:44 | Queue | Militia |
| 17:44 | Queue | Militia |
| 18:05 | Queue | Militia |
| 18:05 | Queue | Skirmisher |
| 18:20 | Queue | Villager (Male) |
| 18:39 | Build | Farm |
| 18:40 | Build | Farm |
| 19:03 | Queue | Militia |
| 19:03 | Queue | Skirmisher |
| 19:07 | Build | Farm |
| 19:09 | Build | Farm |
| 20:10 | Queue | Villager (Male) |
| 20:10 | Queue | Skirmisher |
| 20:11 | Queue | Militia |
| 20:32 | Queue | Villager (Male) |
| 20:33 | Queue | Villager (Male) |
Match timeline
| 4:57 | 0o___o0 · first_building Barracks |
| 6:49 | HR FabiaN · wall_segment Palisade Wall x1 |
| 6:51 | HR FabiaN · wall_segment Palisade Wall x1 |
| 6:52 | HR FabiaN · wall_segment Palisade Wall x1 |
| 6:55 | HR FabiaN · wall_segment Palisade Wall x1 |
| 6:56 | HR FabiaN · wall_segment Palisade Wall x1 |
| 6:57 | HR FabiaN · wall_segment Palisade Wall x1 |
| 7:39 | HR FabiaN · wall_segment Palisade Wall x1 |
| 8:30 | HR FabiaN · first_building Barracks |
| 8:39 | 0o___o0 · age_up feudal |
| 8:40 | HR FabiaN · wall_segment Palisade Wall x1 |
| 8:41 | HR FabiaN · wall_segment Palisade Wall x1 |
| 8:50 | HR FabiaN · wall_segment Palisade Wall x1 |
| 8:50 | HR FabiaN · age_up feudal |
| 9:32 | HR FabiaN · first_building Archery Range |
| 11:47 | HR FabiaN · wall_segment Palisade Wall x1 |
| 12:51 | HR FabiaN · wall_segment Palisade Wall x1 |
| 13:15 | HR FabiaN · wall_segment Palisade Wall x1 |
| 13:18 | HR FabiaN · wall_segment Palisade Wall x1 |
| 13:42 | HR FabiaN · wall_segment Palisade Wall x1 |
| 14:54 | 0o___o0 · first_building Archery Range |
| 17:51 | HR FabiaN · wall_segment Palisade Wall x1 |
| 17:52 | HR FabiaN · wall_segment Palisade Wall x1 |
| 17:54 | HR FabiaN · wall_segment Palisade Wall x1 |
| 18:49 | HR FabiaN · wall_segment Palisade Wall x1 |
| 19:10 | HR FabiaN · wall_segment Palisade Wall x1 |
| 19:11 | HR FabiaN · wall_segment Palisade Wall x2 |
| 20:38 | HR FabiaN · wall_segment Palisade Wall x1 |
| 20:49 | HR FabiaN · wall_segment Palisade Wall x1 |
| 20:53 | HR FabiaN · wall_segment Palisade Wall x1 |
| 21:13 | 0o___o0 · resign |
[ AI ANALYSIS · 1 CREDIT ]
What really happened in this match?
Wolo.gg analyzes every decision: build order, eco, micro, common mistakes by bracket. Personalized analysis on WhatsApp or Discord in 30 seconds.
Civ guide
Koreans
Perfil
Jugador #211236